 Dungeon Crawl Stone Soup version 0.31.0-32-g396128a36d (webtiles) character file.

Game seed: 4726622559339113356

319 Henri the Apothecary (level 6, -18/39 HPs)
             Began as an Octopode Alchemist on Apr 4, 2024.
             Demolished by Menkaure (21 damage)
             ... on level 4 of the Dungeon.
             The game lasted 00:09:29 (3322 turns).

Henri the Apothecary (Octopode Alchemist)           Turns: 3322, Time: 00:09:30

Health: -18/39     AC:  1    Str:  8    XL:     6   Next: 46%
Magic:  8/10       EV: 13    Int: 19    God:
Gold:   14         SH:  0    Dex: 12    Spells: 1/11 levels left

rFire   . . .        f - +3 short sword
rCold   . . .        (no shield)
rNeg    . . .        (helmet restricted)
rPois   .            (no amulet)
rElec   .            (no ring)
rCorr   .            (no ring)
SInv    .            (no ring)
Will    .....        (no ring)
Stlth   +++          (no ring)
HPRegen 0.26/turn    (no ring)
MPRegen 0.12/turn    (no ring)
                     (no ring)

%: no passive effects
@: no status effects
A: almost no armour, amphibious, 8 rings, camouflage 1, gelatinous body 1,
(nimble swimmer 1), tentacles
a: no special abilities


You were on level 4 of the Dungeon.
You visited 1 branch of the dungeon, and saw 4 of its levels.

You collected 144 gold pieces.
You spent 130 gold pieces at shops.

Inventory:

Hand Weapons
 f - a +3 short sword (weapon)
Magical Staves
 i - a staff of death
Jewellery
 p - a ring of ice
Wands
 n - a wand of mindburst (13)
Scrolls
 d - a scroll of noise {unknown}
 e - a scroll of fog {unknown}
 k - a scroll of enchant armour {unknown}
 m - 2 scrolls of identify
 o - a scroll of fear
Potions
 a - a potion of magic
 b - a potion of enlightenment
 c - 3 potions of resistance
 g - a potion of attraction
 h - 4 potions of might
 j - a potion of mutation
 l - a potion of heal wounds


   Skills:
 + Level 2.2 Fighting
 - Level 2.0 Dodging
 - Level 2.6 Stealth
 + Level 3.0 Spellcasting
 - Level 1.0 Conjurations
 * Level 6.6 Alchemy


You had one spell level left.
You knew the following spells:

 Your Spells              Type           Power      Damage    Failure   Level
a - Sting                 Conj/Alch      68%        1d7       3%          1
b - Mercury Vapours       Alch/Air       30%        N/A       6%          2
c - Mephitic Cloud        Conj/Alch/Air  12%        N/A       16%         3
d - Olgreb's Toxic Radia  Alch           28%        N/A       10%         4

Your spell library contained the following spells:

 Spells                   Type           Power      Damage    Failure   Level
 Shock                    Conj/Air       16%        1d4       12%         1
 Sticky Flame             Fire/Alch      15%        2d5       36%         4
 Swiftness                Air            2%         N/A       41%         3
 Airstrike                Air            1%         2d(1-17)  83%         4


Dungeon Overview and Level Annotations

Branches:
Dungeon (4/15)
 Temple: D:4-7

Altars:
Makhleb

Shops:
D:1 ?

Annotations:
D:1 scrolls
D:4 Menkaure


Innate Abilities, Weirdness & Mutations

You cannot wear most types of armour.
You are amphibious.
You can wear up to eight rings at the same time.
Your skin changes colour to match your surroundings (Stealth+).
Your rubbery body absorbs attacks. (AC +1, EV +1)
((You are camouflaged when in or above water. (Stealth+)))
You have tentacles for arms and can constrict up to eight enemies at once.


Message History

You start resting.
Magic restored.
Menkaure, Prince of Dust comes into view.
Okay, then.
Casting: Olgreb's Toxic Radiance (quite dangerous; 10% risk of failure)
Confirm with . or Enter, or press ? or * to list all spells.
Aiming: Sting (safe; 3% risk of failure)
Press: ? - help, Shift-Dir - straight line, f - Menkaure
Aim: Menkaure (88% to hit)
The sting hits Menkaure.
Menkaure is lightly damaged.
Unknown command.
Casting: Sting (safe; 3% risk of failure)
Confirm with . or Enter, or press ? or * to list all spells.
Aiming: Sting (safe; 3% risk of failure)
Press: ? - help, Shift-Dir - straight line, f/p - Menkaure
Aim: Menkaure (lightly damaged, 88% to hit)
The sting hits Menkaure.
Menkaure partially resists.
Menkaure is lightly damaged.
Unknown command.
You hit Menkaure. Your grab misses Menkaure.
Menkaure is moderately damaged.
Menkaure casts a spell.
Menkaure seems to speed up.
You hit Menkaure. You grab Menkaure.
Menkaure is moderately damaged.
You constrict Menkaure. Menkaure closely misses you.
You hit Menkaure.
Menkaure is heavily damaged.
You constrict Menkaure. Menkaure closely misses you.
You hit Menkaure.
Menkaure is almost destroyed.
You constrict Menkaure. Menkaure hits you! Menkaure hits you!!
Ouch! That really hurt!
* * * LOW HITPOINT WARNING * * *
You hit Menkaure but do no damage.
Menkaure is almost destroyed.
You constrict Menkaure. Menkaure hits you!!
Ouch! That really hurt!
You die...

#..#.. ... #..#.#
†.## #..#.# ...
#..#.# #o. #....# #.#
##.### #)# #.########
##.##
#........#####...##.#
########>...@M......#
#######...#### ...##
#####


You could see Menkaure (fast).

Vanquished Creatures
  2 scorpions (D:4)
  A bombardier beetle (D:3)
  3 iron imps (D:3)
  Jessica (D:3)
  An adder (D:4)
  A ribbon worm (D:3)
  A dart slug (D:2)
  An orc (D:4)
  5 ball pythons
  4 endoplasms
  2 giant cockroaches
  A goblin (D:2)
  4 hobgoblins (D:1)
  9 kobolds
  A bat (D:1)
  2 frilled lizards (D:1)
  8 rats
47 creatures vanquished.

Notes
Turn   | Place    | Note
-------+----------+-------------------------------------------
     0 | D:1      | Henri the Octopode Alchemist began the quest for the Orb.
     0 | D:1      | Reached XP level 1. HP: 11/11 MP: 3/3
   306 | D:1      | Reached XP level 2. HP: 17/17 MP: 0/5
   433 | D:1      | Reached skill level 4 in Alchemy
   512 | D:1      | Learned a level 2 spell: Mercury Vapours
   601 | D:1      | Found Qehemod's Magic Scroll Boutique.
  1070 | D:1      | Bought a scroll of identify for 26 gold pieces
  1515 | D:2      | Reached XP level 3. HP: 21/21 MP: 3/6
  1519 | D:2      | Learned a level 3 spell: Mephitic Cloud
  1939 | D:3      | Noticed Jessica
  1946 | D:3      | Killed Jessica
  1947 | D:3      | Reached skill level 5 in Alchemy
  2040 | D:3      | Reached XP level 4. HP: 24/27 MP: 0/7
  2360 | D:3      | Found a burning altar of Makhleb.
  2413 | D:3      | Reached skill level 1 in Fighting
  2413 | D:3      | Reached XP level 5. HP: 33/33 MP: 1/8
  2455 | D:3      | Reached skill level 6 in Alchemy
  2708 | D:1      | Bought a scroll of identify for 26 gold pieces
  2708 | D:1      | Bought a scroll of fear for 52 gold pieces
  2708 | D:1      | Bought a scroll of identify for 26 gold pieces
  2783 | D:4      | Reached XP level 6. HP: 17/39 MP: 5/10
  2936 | D:4      | Learned a level 4 spell: Olgreb's Toxic Radiance
  3314 | D:4      | Noticed Menkaure
  3322 | D:4      | Demolished by Menkaure

Illustrated notes

Levels and vault maps discovered:
D:1:      dpeg_arrival_ternary, layout_loops_ring, serial_shops,
          nicolae_shop_tiny_statue_garden
D:2:      layout_basic, serial_glass, glass_columns_a, glass_columns_b,
          glass_columns_b, glass_columns_a, glass_columns_b, glass_columns_c,
          glass_columns_a, glass_columns_c, glass_columns_b, glass_columns_c,
          glass_columns_b, glass_columns_a, glass_columns_a, glass_columns_a,
          skrybe_limestone_x
D:3:      layout_rooms, demons_altar, uniq_jessica
D:4:      layout_loops_ring, bh_walls_and_bars, uniq_menkaure

Skill      XL: |  1  2  3  4  5  6 |
---------------+-------------------+-----
Alchemy        | 4 5 6 |  6.6
Fighting       | 1 2 |  2.2
Spellcasting   | 3 |  3.0
Dodging        | |  2.0
Stealth        | |  2.6
Conjurations   | |  1.0

Action                     |  1- 3 |  4- 6 || total
---------------------------+-------+-------++-------
  Melee: Unarmed           |     5 |       ||     5
         Tentacles         |     3 |     2 ||     5
         Short sword       |     2 |    17 ||    19
         Constrict         |     1 |     4 ||     5
   Cast: Sting             |    47 |    31 ||    78
         Olgreb's Toxic Ra |       |     3 ||     3
    Use: Scroll            |     2 |     4 ||     6
 Armour: Skin              |     2 |     7 ||     9
  Dodge: Dodged            |     6 |     4 ||    10
